 Dungeon Crawl Stone Soup version 0.21.1-1-g345015f (webtiles) character file.

212 spiff the Conjurer (level 5, -4/45 HPs)
             Began as a Draconian Conjurer on July 8, 2018.
             Slain by an orc warrior
             ... wielding a +0 trident
              (17 damage)
             ... on level 4 of the Dungeon.
             The game lasted 00:06:13 (3386 turns).

spiff the Conjurer (Draconian Conjurer)             Turns: 3386, Time: 00:06:14

Health: -4/45      AC:  5    Str: 10    XL:     5   Next: 58%
Magic:  2/10       EV: 12    Int: 16    God:
Gold:   155        SH:  0    Dex: 12    Spells: 7/10 levels left

rFire    . . .     SeeInvis .   c - +0 spear
rCold    . . .     Gourm    .   (no shield)
rNeg     . . .     Faith    .   (armour unavailable)
rPois    .         Spirit   .   (helmet restricted)
rElec    .         Reflect  .   (no cloak)
rCorr    .         Harm     .   (no gloves)
MR       .....                  (no boots)
Stlth    ++........             (no amulet)
HPRegen  0.15/turn              (no ring)
MPRegen  0.12/turn              (no ring)

@: no status effects
A: unfitting armour, cold-blooded, AC +5
a: no special abilities


You were on level 4 of the Dungeon.
You were not hungry.

You visited 1 branch of the dungeon, and saw 4 of its levels.

You collected 155 gold pieces.

Inventory:

Hand Weapons
 c - a +0 spear (weapon)
Wands
 i - a wand of flame (2)
Scrolls
 e - 3 scrolls of identify
Potions
 f - 2 potions of curing
 j - a potion of magic
 l - a potion of haste
Books
 a - a book of Conjurations

   Spells                             Type                      Level
   a - Magic Dart                     Conjuration                  1
   b - Searing Ray                    Conjuration                  2
   c - Dazzling Spray                 Conjuration/Hexes            3
   d - Fulminant Prism                Conjuration/Hexes            4
   e - Force Lance                    Conjuration/Translocation    4
   f - Iskenderun's Mystic Blast      Conjuration                  4
Comestibles
 b - 6 rations
 k - a chunk of flesh


   Skills:
 + Level 3.3 Fighting
 - Level 1.7 Dodging
 - Level 1.7 Stealth
 + Level 3.4 Spellcasting
 + Level 5.1 Conjurations


You had 7 spell levels left.
You knew the following spells:

 Your Spells              Type           Power        Failure   Level  Hunger
a - Magic Dart            Conj           ###.         2%          1    None
b - Searing Ray           Conj           ###...       3%          2    ##.....


Dungeon Overview and Level Annotations

Branches:
Dungeon (4/15)
 Temple: D:4-7

Altars:
Nemelex Xobeh
Qazlal

Annotations:
D:2 Terence


Innate Abilities, Weirdness & Mutations

Your plain brown scales are hard. (AC +5)
You cannot fit into any form of body armour.
You are cold-blooded and may be slowed by cold attacks.


Message History

You hit the orc warrior but do no damage.
The orc warrior is severely wounded.
The orc warrior hits you from afar with a trident.
Attack whom?
Press: ? - help, Dir - move target cursor, f/p - orc warrior
Aim: an orc warrior, wielding a trident and wearing a chain mail (severely wounded)
You reach to attack!
You closely miss the orc warrior.
The orc warrior is severely wounded.
The orc warrior hits you from afar with a trident!
* * * LOW HITPOINT WARNING * * *
Casting: Searing Ray
Confirm with . or Enter, or press ? or * to list all spells.
Aiming: Searing Ray
Press: ? - help, Shift-Dir - straight line, f/p - orc warrior
Aim: an orc warrior, wielding a trident and wearing a chain mail (severely wounded)
The searing ray hits the orc warrior.
The orc warrior is almost dead. (Press . to maintain the ray.)
The orc warrior hits you from afar with a trident!
You die...

### #@# #.# *****#o#
*,,,*#)#
******,*,##.###
*,,,,,,,,#....#
*,,,,,,,,#..#.#
******,,,,,,,,####.#
,,,,,*,,,,,....o...#


You could see an orc warrior.

Vanquished Creatures
  Jessica (D:3)
  Natasha (thrice) (D:2)
  5 adders
  2 worms
  2 dart slugs (D:1)
  2 leopard geckos
  An orc (D:4)
  3 giant cockroaches
  4 goblins
  6 hobgoblins
  7 jackals
  A quokka (D:2)
  6 bats
  A frilled lizard (D:1)
  7 kobolds
  4 rats
55 creatures vanquished.

Notes
Turn   | Place    | Note
-------+----------+-------------------------------------------
     0 | D:1      | spiff the Draconian Conjurer began the quest for the Orb.
     0 | D:1      | Reached XP level 1. HP: 14/14 MP: 3/3
   262 | D:1      | Reached XP level 2. HP: 22/22 MP: 0/5
   318 | D:1      | Learned a level 2 spell: Searing Ray
   470 | D:1      | Reached skill level 1 in Fighting
  1270 | D:2      | Noticed Terence
  1453 | D:2      | Reached XP level 3. HP: 21/28 MP: 6/6
  2115 | D:2      | Noticed Natasha
  2120 | D:2      | Killed Natasha
  2120 | D:2      | Reached XP level 4. HP: 32/37 MP: 1/8
  2185 | D:2      | Found a sparkling altar of Nemelex Xobeh.
  2315 | D:2      | Noticed Natasha
  2318 | D:2      | Killed Natasha
  2513 | D:2      | Noticed Natasha
  2516 | D:2      | Killed Natasha
  2516 | D:2      | Reached XP level 5. HP: 40/44 MP: 5/9
  2758 | D:3      | Found a stormy altar of Qazlal.
  2974 | D:3      | Noticed Jessica
  2978 | D:3      | Killed Jessica
  2978 | D:3      | Reached skill level 5 in Conjurations
  3365 | D:4      | Noticed an orc warrior
  3386 | D:4      | Slain by an orc warrior

Skill      XL: |  1  2  3  4  5 |
---------------+----------------+-----
Fighting       | 1 2 3 |  3.3
Spellcasting   | 3 |  3.4
Conjurations   | 5 |  5.1
Dodging        | |  1.7
Stealth        | |  1.7

Action                   |  1- 3 |  4- 6 || total
-------------------------+-------+-------++-------
Melee: Spear             |    26 |     9 ||    35
       Tailslap          |       |     1 ||     1
 Cast: Magic Dart        |    52 |    36 ||    88
       Searing Ray       |     5 |     6 ||    11
  Use: Scroll            |       |     7 ||     7
 Stab: Sleeping          |     3 |       ||     3
  Eat: Chunk             |     4 |     5 ||     9
Armor: Skin              |     9 |     5 ||    14
Dodge: Dodged            |    20 |    11 ||    31
